 Dungeon Sprint DCSS version 0.19.5 (webtiles) character file.

1603 Kagutsuchi the Carver (level 8, -2/83 HPs)
             Began as a Red Draconian Berserker on Mar 19, 2017.
             Was an Elder of Trog.
             Slain by a polar bear (6 damage)
             ... in the Dungeon (Sprint II: "The Violet Keep of Menkaure").
             The game lasted 00:03:39 (889 turns).

Kagutsuchi the Carver (Red Draconian Berserker)      Turns: 889, Time: 00:03:40

Health: -2/83      AC:  6    Str: 22    XL:     8   Next: 63%
Magic:  2/2        EV: 17    Int:  8    God:    Trog [****..]
Gold:   107        SH:  0    Dex: 12    Spells: 0 memorised, 7 levels left

rFire  + . .     SeeInvis .     b - +3 dagger (antimagic)
rCold  . . .     Gourm    .     (armour unavailable)
rNeg   . . .     Faith    .     (no shield)
rPois  .         Spirit   .     (helmet restricted)
rElec  .         Reflect  .     (no cloak)
rCorr  .         Harm     .     (no gloves)
MR     .....     NoTele   +     (no boots)
Stlth  ++........               (no amulet)
                                (no ring)
                                l - +2 ring of dexterity

@: exhausted, slowed, very slow
A: breathe fire, unfitting armour, fire resistance 1, cold-blooded, AC +6
a: Breathe Fire, Berserk, Trog's Hand, Brothers in Arms, Burn Spellbooks,
Renounce Religion


You were in the Dungeon.
You worshipped Trog.
Trog was greatly pleased with you.
You were not hungry.

You visited 1 branch You collected 972 gold pieces.
You spent 865 gold pieces at shops.

Inventory:

Hand Weapons
 a - a +0 falchion
 b - a +3 antimagic dagger (weapon)
Jewellery
 l - a +2 ring of dexterity (left hand)
Scrolls
 h - a scroll of blinking
Potions
 c - 5 potions of curing
 e - a potion of haste
 f - 2 potions of magic
 g - 2 potions of berserk rage
Comestibles
 i - 2 meat rations
 j - 3 beef jerkies
 k - a bread ration


   Skills:
 + Level 11.8 Fighting
 + Level 1.6(8.3) Short Blades
 + Level 12.5 Long Blades
 + Level 9.9 Dodging
 + Level 1.4 Stealth


You had 7 spell levels left.
You didn't know any spells.

Dungeon Overview and Level Annotations

Branches:
Dungeon (1/1)

Altars:
Cheibriados
Dithmenos
Elyvilon
Fedhas
Gozag
Kikubaaqudgha
Makhleb
Nemelex Xobeh
Okawaru
Trog
Uskayaw
Vehumet
The Shining One
Lugonu

Shops:
D !(:=%=![}(:%?[([

Annotations:
D exclusion: oklob plant, Roxanne


Innate Abilities, Weirdness & Mutations

You can breathe blasts of fire.
Your fiery red scales are hard. (AC +6)
You cannot fit into any form of body armour.
Your flesh is heat resistant. (rF+)
You are cold-blooded and may be slowed by cold attacks.


Message History

You are no longer poisoned.
The polar bear bites you!! The polar bear claws you.
* * * LOW HITPOINT WARNING * * *
The polar bear claws you.
* * * LOW HITPOINT WARNING * * *
You feel better. The polar bear barely misses you.
The polar bear completely misses you. The polar bear claws you.
The polar bear misses you. The polar bear barely misses you.
The polar bear claws you.
* * * LOW HITPOINT WARNING * * *
You feel better.
The polar bear bites you but does no damage.
The polar bear claws you but does no damage. x2
The polar bear bites you!!
* * * LOW HITPOINT WARNING * * *
The polar bear claws you but does no damage.
The polar bear barely misses you.
The polar bear bites you but does no damage.
The polar bear claws you.
You die...

≈#..#..# ...
###.†.####..
.###†###.##..# .# #
..##.##.# #..# .# .#
##†.<.'###+..### .##.#
..##.##.#.#....###...##▓
.###'###.##..§...≈≈≈≈≈≈≈
###..# ###≈≈.§..h≈#+####
≈#..## #≈≈§≈≈≈§†@≈#_._._
≈##.# ##≈≈≈≈≈§≈≈.≈#._._.
≈≈##+##≈≈≈§§§§§≈§§#_._._
#≈≈≈≈≈≈≈≈≈≈≈§§§§§≈#._._.
#+++#+++#≈≈≈§≈§§≈≈#.._._
§≈≈≈§ ##≈≈≈###≈≈#..._.
≈§§§§§§§≈##≈≈# #§≈#...._
..§§8§§§§≈+≈§# #§≈#.....
≈≈§§§≈§§§##≈≈≈§≈≈≈######


You could see a polar bear (berserk).

Vanquished Creatures
  A polar bear (D)
  A blink frog (D)
  2 hippogriffs (D)
  Menkaure (D)
  4 necrophages (D)
  4 worker ants (D)
  2 worms (D)
15 creatures vanquished.

Vanquished Creatures (collateral kills)
  A yaktaur (D)
  A polar bear (D)
  A hornet (D)
3 creatures vanquished.

Vanquished Creatures (others)
  A crocodile (D)
1 creature vanquished.

Grand Total: 19 creatures vanquished

Notes
Turn   | Place    | Note
-------+----------+-------------------------------------------
     0 | D        | Kagutsuchi the Draconian Berserker began the quest for the Orb.
     0 | D        | Reached XP level 1. HP: 19/19 MP: 1/1
     1 | D        | Noticed a hippogriff
     1 | D        | Noticed a hippogriff
     7 | D        | Killed a hippogriff
     7 | D        | Reached skill level 7 in Long Blades
     7 | D        | Reached XP level 2. HP: 34/34 MP: 2/2
     7 | D        | Reached XP level 3. HP: 39/39 MP: 3/3
     7 | D        | Reached XP level 4. HP: 47/47 MP: 4/4
     7 | D        | Reached XP level 5. HP: 52/52 MP: 5/5
    11 | D        | Killed a hippogriff
    11 | D        | Reached skill level 9 in Long Blades
    11 | D        | Reached XP level 6. HP: 63/63 MP: 6/6
   114 | D        | Reached ** piety under Trog
   119 | D        | Your scales start taking on a fiery red colour.
   119 | D        | Reached XP level 7. HP: 71/71 MP: 7/7
   119 | D        | Gained mutation: Your flesh is heat resistant. (rF+) [Red Draconian growth]
   122 | D        | Reached skill level 10 in Fighting
   122 | D        | Reached skill level 10 in Long Blades
   162 | D        | Reached *** piety under Trog
   263 | D        | Reached **** piety under Trog
   300 | D        | Found Haenemih's Antique Armour Shoppe.
   300 | D        | Found Webruopp's Weapon Shoppe.
   300 | D        | Found Guisuhio's Food Emporium.
   300 | D        | Found Laywuw's Magic Scroll Emporium.
   300 | D        | Found Rurphist's Antique Weapon Shoppe.
   300 | D        | Found Tufistri's Book Shoppe.
   301 | D        | Found Lagonel's Gadget Shoppe.
   301 | D        | Found Ziwuuwn's Antique Armour Emporium.
   302 | D        | Found Unloacyg's Distillery.
   302 | D        | Found Zisayjats's Jewellery Emporium.
   303 | D        | Found Lone's Antique Armour Emporium.
   304 | D        | Found Visiha's Food Shoppe.
   304 | D        | Found Emenik's Jewellery Emporium.
   304 | D        | Noticed Menkaure
   304 | D        | Noticed an oklob plant
   305 | D        | Found Elut's Weapon Shoppe.
   305 | D        | Found Hyarghox's Distillery.
   305 | D        | Found Izxaetan's Book Shoppe.
   307 | D        | Noticed a spiny frog
   310 | D        | Noticed a spiny frog
   330 | D        | Killed Menkaure
   330 | D        | Reached skill level 11 in Long Blades
   337 | D        | Bought a +3 antimagic dagger for 230 gold pieces
   341 | D        | Noticed a manticore
   341 | D        | Noticed a manticore
   559 | D        | Bought a potion of curing for 39 gold pieces
   559 | D        | Bought a potion of curing for 39 gold pieces
   559 | D        | Bought a potion of curing for 39 gold pieces
   561 | D        | Bought a potion of berserk rage for 55 gold pieces
   561 | D        | Bought a potion of curing for 33 gold pieces
   561 | D        | Bought a potion of curing for 33 gold pieces
   561 | D        | Bought a potion of heal wounds for 55 gold pieces
   563 | D        | Bought a meat ration for 65 gold pieces
   563 | D        | Bought a beef jerky for 19 gold pieces
   563 | D        | Bought a meat ration for 65 gold pieces
   563 | D        | Bought a beef jerky for 19 gold pieces
   563 | D        | Bought a beef jerky for 19 gold pieces
   563 | D        | Bought a bread ration for 65 gold pieces
   571 | D        | Bought a +2 ring of dexterity for 90 gold pieces
   588 | D        | Noticed a blink frog
   611 | D        | Killed a blink frog
   611 | D        | Reached XP level 8. HP: 34/82 MP: 2/8
   835 | D        | Noticed Roxanne
   846 | D        | Found an opulent altar of Gozag.
   846 | D        | Found an iron altar of Okawaru.
   847 | D        | Found a sparkling altar of Nemelex Xobeh.
   847 | D        | Found a blossoming altar of Fedhas.
   848 | D        | Found a burning altar of Makhleb.
   848 | D        | Found a radiant altar of Vehumet.
   848 | D        | Found a white marble altar of Elyvilon.
   849 | D        | Found a hide-covered altar of Uskayaw.
   849 | D        | Found a corrupted altar of Lugonu.
   849 | D        | Found a shadowy altar of Dithmenos.
   850 | D        | Found a bloodstained altar of Trog.
   850 | D        | Found a glowing golden altar of the Shining One.
   850 | D        | Found an ancient bone altar of Kikubaaqudgha.
   850 | D        | Found a snail-covered altar of Cheibriados.
   850 | D        | Noticed a polar bear
   851 | D        | Noticed a polar bear
   853 | D        | Noticed a polar bear
   854 | D        | Noticed a yaktaur
   856 | D        | Noticed a hornet
   859 | D        | Killed a polar bear
   862 | D        | Killed a yaktaur
   862 | D        | Reached skill level 1 in Short Blades
   862 | D        | Reached skill level 12 in Long Blades
   864 | D        | Killed a polar bear
   864 | D        | Reached skill level 1 in Stealth
   865 | D        | Killed a hornet
   889 | D        | HP: 4/83 [polar bear (26)]
   889 | D        | Slain by a polar bear

Skill      XL: |  1  2  3  4  5  6  7  8 |
---------------+-------------------------+-----
Fighting       | 7 9 11 | 11.8
Long Blades    | 7 9 11 12 | 12.5
Dodging        | 6 7 8 9 |  9.9
Short Blades   | 1 |  1.6
Stealth        | 1 |  1.4

Action                   |  1- 3 |  4- 6 |  7- 9 || total
-------------------------+-------+-------+-------++-------
Melee: Falchion          |     5 |    13 |    46 ||    64
       Tailslap          |     1 |     3 |    17 ||    21
       Dagger            |       |       |    42 ||    42
Invok: Berserk           |     1 |     1 |     2 ||     4
       Brothers in Arms  |       |       |     1 ||     1
  Use: Potion            |       |       |     4 ||     4
  Eat: Bread ration      |       |       |     1 ||     1
Armor: Skin              |     1 |     3 |    17 ||    21
Dodge: Dodged            |     6 |     4 |    67 ||    77
       Rpst.: Falchion   |     1 |     2 |     7 ||    10
